 Dungeon Crawl Stone Soup version 0.29-a0-322-g68df515428 (webtiles) character file.

Game seed: 18048621105629471109

150445 Morbidden the Destroyer (level 16, -13/117 HPs)
             Began as a Demonspawn Conjurer on Apr 6, 2022.
             Was the Champion of Cheibriados.
             Mangled by Rupert
             ... wielding a +4 battleaxe of freezing
              (31 damage)
             ... on level 12 of the Dungeon.
             The game lasted 00:47:31 (30385 turns).

Morbidden the Destroyer (Demonspawn Conjurer)      Turns: 30385, Time: 00:47:32

Health: -13/117    AC: 17    Str: 30    XL:     16   Next: 98%
Magic:  0/31       EV: 18    Int: 52    God:    Cheibriados [******]
Gold:   1904       SH:  0    Dex: 31    Spells: 16/37 levels left

rFire   . . .      SeeInvis +   b - +10 falchion of the Seven Tusks {elec, rC+ rN+ Dex+5}
rCold   + . .      Faith    .   (no shield)
rNeg    + . .      Spirit   +   A - +0 scale mail
rPois   +          Reflect  .   H - +0 helmet of the Saviour {rElec rPois Int+2}
rElec   +          Harm     .   w - +0 cloak
rCorr   +          Rampage  .   (no gloves)
Will    +....                   (no boots)
Stlth   ++........              (no amulet)
HPRegen 0.29/turn               Z - ring "Rykloloa" {AC+4 Int+7}
MPRegen 0.44/turn               q - ring of Juath {rCorr Str+7 SInv}

@: about to teleport, very slow
A: thin metallic scales 2, spiny 2, magic shield, magic regeneration, magic
link, demonic touch 2
a: Renounce Religion, Bend Time, Temporal Distortion, Slouch, Step From Time


You were on level 12 of the Dungeon.
You worshipped Cheibriados.
Cheibriados was exalted by your worship.
You visited 3 branches of the dungeon, and saw 19 of its levels.

You collected 1904 gold pieces.

Inventory:

Hand Weapons
 a - a +3 dagger of protection
 b - the +10 falchion of the Seven Tusks (weapon) {elec, rC+ rN+ Dex+5}
   (You found it on level 1 of the Lair of Beasts)

   It occasionally discharges a powerful burst of electricity upon striking a
   foe.
   Dex:       It affects your dexterity (+5).
   rC:        It protects you from cold.
   rN:        It protects you from negative energy.
 M - a +3 scimitar
Missiles
 J - 3 throwing nets
 U - 7 javelins (quivered)
Armour
 w - a +0 cloak (worn)
 A - a +0 scale mail (worn)
 H - the +0 helmet of the Saviour (worn) {rElec rPois Int+2}
   (You found it on level 6 of the Lair of Beasts)

   Int:       It affects your intelligence (+2).
   rElec:     It insulates you from electricity.
   rPois:     It protects you from poison.
Magical Staves
 j - a staff of air
 s - a staff of earth
Jewellery
 c - a +6 ring of intelligence
 f - a ring of poison resistance
 q - the ring of Juath (right hand) {rCorr Str+7 SInv}
   (You acquired it on level 5 of the Dungeon)

   [ring of see invisible]

   Str:       It affects your strength (+7).
   SInv:      It lets you see invisible.
   rCorr:     It protects you from acid and corrosion.
 C - a ring of protection from cold
 E - a ring of willpower
 F - a ring of willpower
 O - a +4 ring of evasion
 Z - the ring "Rykloloa" (left hand) {AC+4 Int+7}
   (You found it on level 11 of the Dungeon)

   [ring of protection]

   AC:        It affects your AC (+4).
   Int:       It affects your intelligence (+7).
Wands
 r - a wand of mindburst (6)
 u - a wand of flame (70)
 S - a wand of polymorph (1)
 T - a wand of acid (6)
 V - a wand of charming (4)
 X - a wand of iceblast (5)
Scrolls
 d - 15 scrolls of identify
 g - 7 scrolls of enchant armour
 i - a scroll of amnesia
 m - 5 scrolls of enchant weapon
 n - 2 scrolls of summoning {unknown}
 o - 9 scrolls of teleportation
 p - a scroll of noise
 t - 4 scrolls of immolation
 y - 3 scrolls of magic mapping
 I - a scroll of torment {unknown}
 L - 4 scrolls of vulnerability {unknown}
 N - 2 scrolls of silence
 W - a scroll of brand weapon {unknown}
 Y - a scroll of holy word {unknown}
Potions
 e - 4 potions of attraction
 h - 2 potions of degeneration
 k - 10 potions of curing
 l - 4 potions of heal wounds
 v - 3 potions of invisibility
 x - 2 potions of ambrosia
 z - 2 potions of mutation
 B - 3 potions of brilliance
 D - a potion of cancellation
 G - 4 potions of flight
 K - a potion of magic
 P - 2 potions of lignification {unknown}
 Q - 4 potions of might {unknown}


   Skills:
 * Level 8.2 Fighting
 * Level 7.5(8.0) Short Blades
 + Level 4.1(6.3) Long Blades
 + Level 6.8 Armour
 * Level 7.7 Dodging
 + Level 3.8 Stealth
 * Level 1.2 Unarmed Combat
 * Level 11.2 Spellcasting
 * Level 11.4 Conjurations
 + Level 5.6 Translocations
 * Level 7.0 Transmutations
 * Level 11.2 Air Magic
 * Level 10.3 Invocations
 + Level 0.6 Evocations


You had 16 spell levels left.
You knew the following spells:

 Your Spells              Type           Power      Damage    Failure   Level
a - Lightning Bolt        Conj/Air       49%        1d69      1%          5
b - Searing Ray           Conj           100%       2d8       1%          2
c - Storm Form            Tmut/Air       45%        N/A       26%         7
d - Magic Dart            Conj           100%       1d8       0%          1
x - Static Discharge      Conj/Air       98%        N/A       1%          2
z - Iskenderun's Mystic   Conj/Tloc      87%        2d17      1%          4

Your spell library contained the following spells:

 Spells                   Type           Power      Damage    Failure   Level
 Apportation              Tloc           100%       N/A       1%          1
 Beastly Appendage        Tmut           100%       N/A       1%          1
 Sting                    Tmut/Pois      100%       1d8       1%          1
 Blink                    Tloc           100%       N/A       1%          2
 Call Imp                 Summ           29%        N/A       1%          2
 Corpse Rot               Necr/Air       100%       N/A       1%          2
 Ensorcelled Hibernation  Hex/Ice        58%        N/A       1%          2
 Poisonous Vapours        Pois/Air       100%       N/A       1%          2
 Sublimation of Blood     Necr           29%        N/A       1%          2
 Wereblood                Tmut           80%        N/A       1%          2
 Dazzling Flash           Conj/Hex       100%       N/A       1%          3
 Ignite Poison            Fire/Tmut/Pois 52%        N/A       1%          3
 Lesser Beckoning         Tloc           73%        N/A       1%          3
 Mephitic Cloud           Conj/Pois/Air  82%        N/A       1%          3
 Portal Projectile        Hex/Tloc       100%       N/A       1%          3
 Spider Form              Tmut/Pois      60%        N/A       1%          3
 Stone Arrow              Conj/Erth      100%       3d13      1%          3
 Fulminant Prism          Conj/Hex       36%        3d18      1%          4
 Passage of Golubria      Tloc           73%        N/A       1%          4
 Blade Hands              Tmut           40%        N/A       1%          5
 Freezing Cloud           Conj/Ice/Air   41%        6-21      1%          5
 Irradiate                Conj/Tmut      45%        3d28      1%          5
 Manifold Assault         Tloc           73%        N/A       3%          5
 Silence                  Hex/Air        36%        N/A       3%          5
 Call Canine Familiar     Summ           29%        N/A       4%          3
 Inner Flame              Hex/Fire       29%        N/A       4%          3
 Alistair's Intoxication  Tmut/Pois      40%        N/A       9%          5
 Anguish                  Hex/Necr       14%        N/A       13%         4
 Animate Armour           Summ/Erth      58%        N/A       13%         4
 Animate Dead             Necr           14%        N/A       13%         4
 Cause Fear               Hex            14%        N/A       13%         4
 Leda's Liquefaction      Hex/Erth       14%        N/A       13%         4
 Olgreb's Toxic Radiance  Pois           29%        N/A       13%         4
 Agony                    Necr           29%        N/A       36%         5
 Borgnjor's Vile Clutch   Necr/Erth      14%        N/A       36%         5
 Dragon Form              Tmut           40%        N/A       52%         7
 Maxwell's Capacitive Co  Air            49%        ∞         65%         8
 Death Channel            Necr           14%        N/A       90%         6
 Ozocubu's Refrigeration  Ice            14%        4d7       100%        7
 Summon Hydra             Summ           14%        N/A       100%        7
 Discord                  Hex            14%        N/A       100%        8
 Ignition                 Fire           14%        3d6       100%        8
 Lehudib's Crystal Spear  Conj/Erth      36%        10d9      100%        8


Dungeon Overview and Level Annotations

Branches:
Dungeon (12/15)            Temple (1/1) D:5            Lair (6/6) D:11
  Swamp (0/4) Lair:2        Snake (0/4) Lair:4        Slime (0/5) Lair:5
    Orc (0/2) D:11

Altars:
Ashenzari
Cheibriados
Dithmenos
Elyvilon
Fedhas
Gozag
Hepliaklqana
Kikubaaqudgha
Makhleb
Nemelex Xobeh
Okawaru
Qazlal
Ru
Sif Muna
Trog
Uskayaw
Vehumet
Wu Jian
Xom
Yredelemnul
Zin
The Shining One
Jiyva

Shops:
D:2 =(   D:5 :   D:9 [   D:12 :

Portals:
Gauntlet: D:12

Annotations:
D:10 2 transporters
D:12 Rupert
Lair:2 1 runed translucent door, Jano's ghost, journeyman VSEn


Innate Abilities, Weirdness & Mutations

You are mostly covered in thin metallic scales. (AC +3)
You are mostly covered in sharp spines.
When hurt, damage is shared between your health and your magic reserves.
You regenerate magic rapidly.
When low on magic, you restore magic in place of health.
Your touch may inflict irresistible damage on your foes.


Message History

Cheibriados thoroughly appreciates the change of pace.
You hear a shout!
Unknown command.
Found a gate leading to a gauntlet.
Rupert the Wild comes into view.
He is wielding a +4 battleaxe of freezing.
Unknown command.
Okay, then.
Okay, then.
As you read the scroll labelled YJUMMUCEAT, it crumbles to dust.
It is a scroll of amnesia.
Really abort (and waste the scroll)? [Y]es or [N]o only, please.
Really abort (and waste the scroll)?
Okay, then.
Rupert is struck by your spines. Rupert barely misses you.
Okay, then.
As you read the scroll labelled PANUPP ECALI, it crumbles to dust.
You hear a loud clanging noise!
It was a scroll of noise.
Rupert roars madly and goes into a rage!
Rupert goes berserk!
Unknown command.
As you read the scroll of teleportation, it crumbles to dust.
You feel strangely unstable.
Rupert hits you with a +4 battleaxe of freezing!!
Rupert freezes you.
Rupert hits you with a +4 battleaxe of freezing!!
Rupert freezes you.
Unknown command.
You feel much better.
Rupert hits you with a +4 battleaxe of freezing!
Rupert freezes you.
Unknown command.
Rupert hits you with a +4 battleaxe of freezing!!!
* * * LOW HITPOINT WARNING * * *
Rupert freezes you.
* * * LOW HITPOINT WARNING * * *
Rupert is struck by your spines.
Rupert hits you with a +4 battleaxe of freezing!!
You die...

*,,,,,,,,***,,,,****+***
*#.....,,,,*,,,,*,,,,,,,
#.∩.#.,,,,##,,,*,**,**,
#...#.,,,..#.#,,,,,,**,
#.....,,,..#..,,,*,>**,
#.....###....#****,,**,
#.........)...,,,,,,**,
##.....@......#,,,,,,,,,
#......@...#*,,,,,,,,,,,
#...##.....##,*,,,,,,,,,
#,,,*#......#,*,,,,,,,,,
*****#.)....#.#,,,,,,,,,
***##*#........#,,,,,,,,,
*......#.#############,,,
*.####.#....##.......#,,,
*,,#........##.......##+#
*....................##.#


You could see Rupert (berserk).

Vanquished Creatures
  Jorgrun (D:12)
  Snorg (Lair:3)
  A fire dragon (Lair:6)
  4 hydras
  4 boulder beetles
  A catoblepas (Lair:3)
  4 two-headed ogres
  11 death yaks
  Urug (Lair:4)
  A swamp dragon (Lair:6)
  A lindwurm (Lair:3)
  A wolf spider (Lair:6)
  A deep elf pyromancer (D:12)
  A necromancer (Lair:2)
  An ugly thing (D:12)
  2 cyclopes
  A manticore (D:9)
  15 black mambas
  17 elephants
  A guardian serpent (Lair:6)
  2 torpor snails
  Joseph (D:8)
  19 cane toads
  7 rime drakes
  9 komodo dragons
  A merfolk (D:11)
  A queen bee (Lair:2)
  4 polar bears (Lair:3)
  40 blink frogs
  Prince Ribbit (D:6)
  4 hornets
  Grinder (D:3)
  8 dream sheep
  Sigmund (D:3)
  2 shadows (D:10)
  A vampire (D:12)
  8 basilisks
  14 wyverns
  91 yaks
  A wraith (D:12)
  A redback (Lair:6)
  A steam dragon (Lair:6)
  Menkaure (D:6)
  7 vampire mosquitoes (Lair:2)
  3 nagas (Lair:4)
  6 acid dragons
  4 wargs (D:11)
  35 water moccasins
  2 swamp drakes (Lair:6)
  4 orc warriors
  5 black bears
  An ice beast (D:4)
  3 sky beasts
  An ogre (D:5)
  3 wolves
  2 centaurs
  2 phantoms
  A kobold brigand (D:10)
  14 bullfrogs
  2 necrophages
  A gnoll sergeant (D:7)
  4 scorpions
  19 wights
  29 killer bees
  3 electric eels (Lair:5)
  3 howler monkeys (D:11)
  4 lava snakes (Lair:5)
  A hound (D:6)
  3 orc priests
  6 iguanas
  Natasha (thrice) (D:3)
  7 orc wizards
  6 hell rats (Lair:4)
  4 yak simulacra (Lair:2)
  4 polar bear simulacra (Lair:2)
  2 wolf simulacra (Lair:2)
  4 gnolls (D:7)
  9 adders
  A river rat (Lair:2)
  2 ufetubi (D:6)
  3 worms
  3 dart slugs
  21 orcs
  8 ball pythons
  6 bats
  13 endoplasms
  6 giant cockroaches
  5 goblins
  6 hobgoblins
  6 jackals (D:1)
  A quokka (D:2)
  5 frilled lizards
  5 kobolds
  5 rats (D:3)
  A river rat simulacrum (Lair:2)
593 creatures vanquished.

Vanquished Creatures (others)
  A yak (Lair:3)
  2 bushes
  88 fungi
  154 plants
245 creatures vanquished.

Grand Total: 838 creatures vanquished

Notes
Turn   | Place    | Note
-------+----------+-------------------------------------------
     0 | D:1      | Morbidden the Demonspawn Conjurer began the quest for the
                  | Orb.
     0 | D:1      | Reached XP level 1. HP: 13/13 MP: 3/3
   353 | D:1      | Gained mutation: You are partially covered in sharp spines.
                  | [demonic ancestry]
   353 | D:1      | Reached XP level 2. HP: 20/20 MP: 1/5
   450 | D:1      | Reached skill level 1 in Fighting
   563 | D:1      | Learned a level 2 spell: Searing Ray
   645 | D:1      | Found a faded altar of an unknown god.
   894 | D:1      | Gained mutation: You are partially covered in thin metallic
                  | scales. (AC +2) [demonic ancestry]
   894 | D:1      | Reached XP level 3. HP: 22/26 MP: 1/6
  1428 | D:2      | Found Degeneum's Antique Weapon Emporium.
  1825 | D:2      | Found Xefiux's Jewellery Shop.
  2405 | D:3      | Noticed Sigmund
  2416 | D:3      | Killed Sigmund
  2417 | D:3      | Reached skill level 1 in Short Blades
  2417 | D:3      | Reached skill level 5 in Conjurations
  2417 | D:3      | Reached XP level 4. HP: 10/33 MP: 0/8
  2417 | D:3      | Reached XP level 5. HP: 11/38 MP: 0/9
  2729 | D:3      | Reached XP level 6. HP: 40/44 MP: 3/10
  2732 | D:3      | Reached skill level 1 in Armour
  2988 | D:3      | Noticed Natasha
  2992 | D:3      | Killed Natasha
  3016 | D:3      | Noticed Natasha
  3022 | D:3      | Killed Natasha
  3034 | D:3      | Noticed Natasha
  3064 | D:3      | Killed Natasha
  3252 | D:3      | Noticed Grinder
  3664 | D:3      | Paralysed by Grinder for 4 turns
  3670 | D:3      | Paralysed by Grinder for 5 turns
  3683 | D:3      | Killed Grinder
  3684 | D:3      | Gained mutation: You are mostly covered in sharp spines.
                  | [demonic ancestry]
  3684 | D:3      | Reached XP level 7. HP: 25/51 MP: 2/13
  4364 | D:4      | Found a basalt altar of Yredelemnul.
  5070 | D:4      | Found a shimmering blue altar of Sif Muna.
  5369 | D:5      | Entered Level 5 of the Dungeon
  5394 | D:5      | Found a staircase to the Ecumenical Temple.
  5427 | Temple   | Entered the Ecumenical Temple
  5566 | Temple   | Became a worshipper of Cheibriados the Contemplative
  5588 | D:5      | Found Ulokkosk's Book Boutique.
  5648 | D:5      | Found an opulent altar of Gozag.
  5764 | D:5      | Reached XP level 8. HP: 25/58 MP: 6/14
  5946 | D:5      | Learned a level 7 spell: Storm Form
  6095 | D:5      | Found an ancient bone altar of Kikubaaqudgha.
  6309 | D:5      | Reached skill level 1 in Invocations
  6315 | D:5      | Identified 3 scrolls of acquirement
  6316 | D:5      | Acquired a book of Lightning
  6321 | D:5      | Acquired 484 gold pieces
  6326 | D:5      | Acquired the ring of Juath {rCorr Str+7 SInv}
  6722 | D:6      | Noticed Prince Ribbit
  6732 | D:6      | Killed Prince Ribbit
  6733 | D:6      | Reached skill level 5 in Spellcasting
  6733 | D:6      | Reached skill level 1 in Transmutations
  6733 | D:6      | Reached skill level 1 in Air Magic
  6852 | D:6      | Noticed Menkaure
  6856 | D:6      | Killed Menkaure
  6909 | D:6      | Found a broken altar of Ashenzari.
  7466 | D:6      | Reached XP level 9. HP: 64/64 MP: 9/17
  7860 | D:6      | Reached * piety under Cheibriados
  8725 | D:7      | Learned a level 2 spell: Static Discharge
  8730 | D:7      | Learned a level 4 spell: Iskenderun's Mystic Blast
  8766 | D:7      | Found a hazy altar of Hepliaklqana.
  9089 | D:7      | Reached ** piety under Cheibriados
  9974 | D:8      | Gained mutation: Your touch may inflict minor irresistible
                  | damage on your foes. [demonic ancestry]
  9974 | D:8      | Reached XP level 10. HP: 59/71 MP: 10/19
  9979 | D:8      | Reached skill level 1 in Translocations
 11041 | D:8      | Noticed a centaur warrior
 11041 | D:8      | Noticed a centaur warrior
 11068 | D:8      | Found a sparkling altar of Nemelex Xobeh.
 11644 | D:8      | Noticed Joseph
 11650 | D:8      | Killed Joseph
 12102 | D:9      | Noticed a manticore
 12108 | D:9      | Noticed a cyclops
 12196 | D:9      | Killed a manticore
 12634 | D:9      | Reached skill level 5 in Invocations
 12680 | D:9      | Reached *** piety under Cheibriados
 12728 | D:9      | Found Farelewo's Antique Armour Shop.
 13067 | D:9      | Gained mutation: You are mostly covered in thin metallic
                  | scales. (AC +3) [demonic ancestry]
 13067 | D:9      | Reached XP level 11. HP: 66/78 MP: 22/22
 13081 | D:9      | Reached skill level 5 in Short Blades
 13359 | D:9      | Noticed a two-headed ogre
 13369 | D:9      | Killed a two-headed ogre
 13370 | D:9      | Reached skill level 5 in Dodging
 13812 | D:9      | Reached **** piety under Cheibriados
 14036 | D:10     | Entered Level 10 of the Dungeon
 14207 | D:10     | Reached skill level 5 in Fighting
 14311 | D:10     | Found a transporter.
 14563 | D:10     | Found a stormy altar of Qazlal.
 14650 | D:10     | Found a transporter.
 15017 | D:10     | Found a shadowy altar of Dithmenos.
 15249 | D:11     | Noticed a boulder beetle
 15265 | D:11     | Killed a boulder beetle
 15456 | D:10     | Reached skill level 5 in Armour
 15670 | D:11     | Noticed a two-headed ogre
 15680 | D:11     | Killed a two-headed ogre
 15834 | D:11     | Found a staircase to the Lair.
 15858 | D:11     | Noticed a two-headed ogre
 15861 | D:11     | Noticed a six-headed hydra
 15878 | D:11     | Noticed a boulder beetle
 15910 | Lair:1   | Entered Level 1 of the Lair of Beasts
 15923 | Lair:1   | Learned a level 5 spell: Lightning Bolt
 16738 | Lair:1   | Identified the +10 falchion of the Seven Tusks {elec, rC+
                  | rN+ Dex+5}
 16770 | Lair:1   | Reached XP level 12. HP: 86/86 MP: 11/24
 17649 | Lair:2   | Reached ***** piety under Cheibriados
 17650 | Lair:2   | Reached skill level 1 in Long Blades
 17652 | Lair:2   | Reached skill level 5 in Transmutations
 18173 | Lair:2   | Reached skill level 5 in Air Magic
 18792 | Lair:2   | Noticed Jano's ghost (journeyman VSEn)
 18934 | Lair:2   | Found a runed translucent door.
 19201 | Lair:2   | Found a staircase to the Swamp.
 19802 | Lair:3   | Gained mutation: Your touch may inflict irresistible damage
                  | on your foes. [demonic ancestry]
 19802 | Lair:3   | Reached XP level 13. HP: 85/93 MP: 8/25
 19844 | Lair:3   | Reached ****** piety under Cheibriados
 20256 | Lair:3   | Reached skill level 10 in Conjurations
 21418 | Lair:3   | Noticed Snorg
 21436 | Lair:3   | Killed Snorg
 23073 | Lair:4   | Noticed Urug
 23079 | Lair:4   | Killed Urug
 23497 | Lair:4   | Found a staircase to the Snake Pit.
 24309 | Lair:5   | Reached skill level 5 in Translocations
 24320 | Lair:5   | Reached skill level 10 in Spellcasting
 24485 | Lair:5   | Gained mutation: You regenerate magic rapidly. [demonic
                  | ancestry]
 24485 | Lair:5   | Reached XP level 14. HP: 103/103 MP: 17/28
 25447 | Lair:5   | Found a viscous altar of Jiyva.
 25447 | Lair:5   | Found a staircase to the Slime Pits.
 25765 | Lair:5   | Gained mutation: When hurt, damage is shared between your
                  | health and your magic reserves. [demonic ancestry]
 25765 | Lair:5   | Reached XP level 15. HP: 108/108 MP: 29/29
 25766 | Lair:5   | Reached skill level 10 in Air Magic
 25766 | Lair:5   | Gained mutation: When low on magic, you restore magic in
                  | place of health. [demonic ancestry]
 25766 | Lair:5   | Reached XP level 16. HP: 115/115 MP: 30/30
 25824 | Lair:6   | Entered Level 6 of the Lair of Beasts
 27071 | Lair:6   | Reached skill level 10 in Invocations
 28735 | Lair:6   | Identified the +0 helmet of the Saviour {rElec rPois Int+2}
 29359 | D:11     | Found a staircase to the Orcish Mines.
 29366 | D:11     | Reached skill level 1 in Unarmed Combat
 29779 | D:11     | Identified the ring "Rykloloa" {AC+4 Int+7}
 30285 | D:12     | Found Ewali's Book Shop.
 30370 | D:12     | Noticed Jorgrun
 30375 | D:12     | Killed Jorgrun
 30379 | D:12     | Found a gate leading to a gauntlet.
 30379 | D:12     | Noticed Rupert
 30385 | D:12     | Mangled by Rupert

Illustrated notes

Levels and vault maps discovered:
D:1:      dpeg_arrival_leaves_temple_mockup, layout_rooms,
          shapermc_ecumenical_altar_mp_urbaneastern
D:2:      layout_loops_ring, serial_shops, shop_fountains, shop_statue
D:3:      layout_basic, minmay_starry_boxes, uniq_sigmund, uniq_grinder,
          uniq_natasha
D:4:      layout_loops_corners, mainiacjoe_overflow_catwalk,
          kennysheep_little_box, hangedman_abyss_or_decor_jellyfish_corner
D:5:      layout_rooms, kiku_gazebo_pond_becter, nicolae_gozag_seed_capital,
          minmay_temple_entry_antechambers, serial_shops, shop_fountains,
          minivault_1
D:6:      kennysheep_spiral_hall, layout_basic, nicolae_ashenzari_skybound,
          nrook_loot_triangle, dk_vineyard_3, uniq_menkaure, uniq_prince_ribbit1
D:7:      layout_basic, nicolae_hepliaklqana_hazy_memory,
          hangedman_abyss_or_decor_stabs
D:8:      layout_layer_cave, mainiacjoe_overflow_brackets, nrook_campfire,
          lightli_corner_chamber, uniq_joseph
D:9:      layout_loops_ring, serial_shops, shop, minmay_mirror_moons_of_madness
D:10:     gammafunk_worm_tunnel, layout_loops_ring, grunt_dithmenos_shadows,
          overflow_temple_1_default, elyvilon_altar_4
D:11:     layout_layer_cave, david_lair_generic, minmay_orc_entry_guard_dogs,
          hangedman_fish_farm
D:12:     layout_basic, gauntlet_entry_generic, serial_shops,
          nicolae_shop_advertising_works [nicolae_subvault_shop_adworks],
          uniq_fannar, uniq_jorgrun, uniq_rupert
Temple:   nicolae_temple_hex_pool
Lair:1:   layout_chaotic_city
Lair:2:   regret_index_tunnel_blossom, layout_hall_layers,
          minmay_swamp_entry_swarm, hellmonk_ghost_happy_afterlife,
          eino_house_with_fridge
Lair:3:   nzn_winding_woodlands_huge [nzn_winding_woodlands_5x15_sawtooth,
          nzn_winding_woodlands_5x15_pool, nzn_winding_woodlands_5x15_crooked,
          nzn_winding_woodlands_5x15_river_crossing,
          nzn_winding_woodlands_5x15_parted, nzn_winding_woodlands_5x15_twine,
          nzn_winding_woodlands_5x15_pathside_ponds,
          nzn_winding_woodlands_5x15_sidewinder,
          nzn_winding_woodlands_5x15_cabin,
          nzn_winding_woodlands_5x15_split_checker,
          nzn_winding_woodlands_center_pierced_h,
          nzn_winding_woodlands_center_lodge,
          nzn_winding_woodlands_15x15_thick_spiral], layout_chaotic_city,
          uniq_snorg
Lair:4:   layout_loops_ring, minmay_snake_entry_guardpost_medium, uniq_urug
Lair:5:   layout_small_grid, slime_altar_1, nicolae_lair_liquid_snakes,
          serial_bayou_shore_b
Lair:6:   guppyfry_lair_end_dragon, layout_layer_cave,
          hangedman_lair_tendril_chambers

Skill      XL: |  1  2  3  4  5  6  7  8  9 10 11 12 13 14 15 16 |
---------------+-------------------------------------------------+-----
Dodging        | 2 3 4 5 6 7 |  7.7
Fighting       | 1 2 3 4 5 6 7 8 |  8.2
Short Blades   | 1 2 3 4 5 6 7 |  7.5
Stealth        | 2 3 |  3.8
Spellcasting   | 3 4 5 6 7 8 10 11 | 11.2
Conjurations   | 5 6 7 8 9 10 11 | 11.4
Armour         | 1 2 3 4 5 6 |  6.8
Invocations    | 2 3 5 6 8 9 10 | 10.3
Transmutations | 1 2 3 4 5 6 7 |  7.0
Air Magic      | 1 2 3 4 5 6 8 10 11 | 11.2
Translocations | 2 3 4 5 |  5.6
Long Blades    | 3 4 |  4.1
Unarmed Combat | 1 |  1.2
Evocations     | |  0.6

Action                   |  1- 3 |  4- 6 |  7- 9 | 10-12 | 13-15 | 16-18 || total
-------------------------+-------+-------+-------+-------+-------+-------++-------
Melee: Dagger            |     9 |    15 |    34 |    95 |       |       ||   153
       Punch             |       |       |     1 |     2 |     1 |     5 ||     9
       Touch             |       |       |       |    50 |    20 |    23 ||    93
       Falchion          |       |       |       |   115 |   106 |    95 ||   316
       Unarmed           |       |       |       |       |       |     5 ||     5
Throw: Javelin           |       |       |       |       |     1 |       ||     1
 Cast: Magic Dart        |    82 |    74 |   107 |    37 |     3 |       ||   303
       Searing Ray       |     1 |     3 |    51 |    51 |     3 |       ||   109
       Static Discharge  |       |       |       |    14 |       |       ||    14
       Iskenderun's Myst |       |       |       |    40 |    31 |    34 ||   105
       Lightning Bolt    |       |       |       |    37 |   106 |   144 ||   287
       Storm Form        |       |       |       |       |       |     2 ||     2
Invok: Slouch            |       |       |       |     3 |       |       ||     3
 Abil: Blinkbolt         |       |       |       |       |       |     2 ||     2
Evoke: Wand              |       |       |       |    13 |    10 |       ||    23
  Use: Potion            |     2 |       |     2 |     6 |     4 |     1 ||    15
       Scroll            |       |       |    10 |     5 |     4 |     6 ||    25
 Stab: Distracted        |       |       |       |     1 |       |     2 ||     3
       Sleeping          |       |       |       |     1 |       |       ||     1
       Petrified         |       |       |       |       |     1 |       ||     1
Armor: Robe              |     4 |       |       |       |       |       ||     4
       Leather armour    |     1 |     8 |       |       |       |       ||     9
       Scale mail        |       |       |    31 |   103 |    52 |    43 ||   229
Dodge: Dodged            |    10 |    10 |    48 |   223 |   141 |   103 ||   535

Table legend: (Time is in decaauts)
 A = Elapsed time spent in this place.
 B = Non-inter-level travel time spent in this place.
 C = Inter-level travel time spent in this place.
 D = Time resting spent in this place.
 E = Time spent auto-exploring this place.
 F = Levels seen in this place.
 G = Mean time per level.
                   A        B        C        D        E       F      G
               +--------+--------+--------+--------+--------+-----+--------+
         Total |  38437 |  37082 |   1355 |   6427 |  26132 |  19 | 2023.0 |
       Dungeon |  19939 |  19380 |    559 |   3339 |  13716 |  12 | 1661.6 |
        Temple |    152 |    141 |     11 |      0 |    120 |   1 |  152.0 |
          Lair |  18345 |  17561 |    784 |   3088 |  12295 |   6 | 3057.5 |
               +--------+--------+--------+--------+--------+-----+--------+

Top non-repeatable levels by time:
  Lair:3: 4371 daAuts
  Lair:6: 3975 daAuts
  Lair:2: 3151 daAuts
  Lair:5: 2870 daAuts
     D:8: 2742 daAuts
     D:9: 2357 daAuts
    D:11: 2239 daAuts
  Lair:4: 2058 daAuts
    D:10: 1996 daAuts
     D:6: 1921 daAuts
  Lair:1: 1918 daAuts
     D:3: 1878 daAuts
     D:7: 1848 daAuts
     D:1: 1373 daAuts
     D:5: 1268 daAuts
